 Dungeon Crawl Stone Soup version 0.29.1-15-g9cfb28693d (webtiles) character file.

Game seed: 3722811940532891511

2527 BuddhaDhamma the Severer (level 9, -13/105 HPs)
             Began as a Minotaur Berserker on Mar 20, 2023.
             Was an Elder of Trog.
             Mangled by an ogre
             ... wielding a +0 giant club
              (22 damage)
             ... on level 7 of the Dungeon.
             The game lasted 00:11:48 (7362 turns).

BuddhaDhamma the Severer (Minotaur Berserker)       Turns: 7362, Time: 00:11:48

Health: -13/105    AC: 15    Str: 26    XL:     9   Next: 29%
Magic:  8/8        EV:  7    Int:  4    God:    Trog [****..]
Gold:   297        SH:  6    Dex: 10    Spells: 8/8 levels left

rFire   . . .      SeeInvis .   a - +0 hand axe
rCold   + . .      Faith    .   b - +0 kite shield
rNeg    . . .      Spirit   .   q - +0 chain mail
rPois   +          Reflect  .   (helmet restricted)
rElec   .          Harm     .   x - +2 cloak
rCorr   .          Rampage  .   d - +2 pair of gloves of Fashionability {rC+}
Will    .....                   (no boots)
Stlth   ..........              (no amulet)
HPRegen 0.27/turn               p - ring of poison resistance
MPRegen 0.11/turn               (no ring)

@: mighty, berserking, marked, very quick
A: horns 2, retaliatory headbutt
a: Renounce Religion, Berserk, Trog's Hand, Brothers in Arms


You were on level 7 of the Dungeon.
You worshipped Trog.
Trog was greatly pleased with you.
You visited 1 branch of the dungeon, and saw 7 of its levels.

You collected 297 gold pieces.

Inventory:

Hand Weapons
 a - a +0 hand axe (weapon)
Missiles
 w - 5 poisoned darts (quivered)
Armour
 b - a +0 kite shield (worn)
 d - the +2 pair of gloves of Fashionability (worn) {rC+}
   (You acquired it on level 4 of the Dungeon)

   rC:        It protects you from cold.
 q - a +0 chain mail (worn)
 x - a +2 cloak (worn)
Jewellery
 p - a ring of poison resistance (left hand)
 t - an amulet of guardian spirit
 z - a +6 ring of intelligence
Wands
 m - a wand of roots (6)
 r - a wand of flame (1)
Scrolls
 c - 2 scrolls of fear
 g - a scroll of magic mapping
 j - 3 scrolls of identify
 k - a scroll of butterflies
 l - 6 scrolls of teleportation
 y - a scroll of blinking
Potions
 e - 2 potions of degeneration
 f - a potion of magic
 h - 5 potions of brilliance
 i - 3 potions of heal wounds
 n - 6 potions of curing
 s - 2 potions of lignification
 u - a potion of cancellation
 v - 2 potions of attraction


   Skills:
 - Level 3.6 Fighting
 + Level 15.1 Axes
 - Level 2.4 Armour
 - Level 2.1 Dodging


You had 8 spell levels left.
You didn't know any spells.
Your spell library was empty.

Dungeon Overview and Level Annotations

Branches:
Dungeon (7/15)             Temple (0/1) D:6

Altars:
Kikubaaqudgha
Nemelex Xobeh
Ru
Xom


Innate Abilities, Weirdness & Mutations

You have a pair of horns on your head.
You reflexively headbutt those who attack you in melee.


Message History

You miss the killer bee. Your headbutt misses the killer bee.
You hit the ogre but do no damage.
You hit the orc warrior but do no damage.
The killer bee stings you but does no damage.
An ufetubus comes into view.
You feel very mighty all of a sudden.
The killer bee stings you but does no damage.
You block the orc warrior's attack. The killer bee barely misses you.
The ogre hits you with a +0 giant club!
A red film seems to cover your vision as you go berserk!
You feel yourself moving faster!
You feel mighty!
The killer bee stings you but does no damage.
The orc warrior hits you with a +0 halberd!
The killer bee closely misses you.
You slash the killer bee! Your headbutt misses the killer bee.
The killer bee is heavily wounded.
You barely miss the ogre. You slash the orc warrior! You slash the scorpion!
The killer bee stings you but does no damage.
The orc warrior hits you with a +0 halberd!
* * * LOW HITPOINT WARNING * * *
The ogre hits you with a +0 giant club!
* * * LOW HITPOINT WARNING * * *
The scorpion barely misses you.
You slash the killer bee!
The killer bee is almost dead.
You hit the ogre. You hit the orc warrior. You slash the scorpion!
The killer bee stings you but does no damage.
The scorpion stings you.
* * * LOW HITPOINT WARNING * * *
You slice the killer bee!!
You kill the killer bee!
Trog accepts your kill.
You hit the orc warrior. You hit the scorpion.
You kill the scorpion!
Trog accepts your kill.
You hit the ogre.
The orc warrior hits you with a +0 halberd!
* * * LOW HITPOINT WARNING * * *
The ogre hits you with a +0 giant club!!
You die...

#......... .#..#
#......... ....#
.........# ...#
...[.....# ...##
.......K.###...>#
........KK#....####
.........KK.......#
##$......KOK.......
#..#.#####@#..#.#.#
#. ## ###oy####.#..
.. #.oocy#......
...#..o5........#
..........###....
...........#....
#.##..#.##....###
.....##.###.....#
....# #..#.....#


You could see an orc warrior, a kobold brigand, an ogre, a centaur, 2 killer
bees, 3 orcs, an ufetubus and 6 kobolds.

Vanquished Creatures
  Maggie (D:6)
  Grinder (D:5)
  A steam dragon (D:6)
  Menkaure (D:6)
  2 ice beasts (D:6)
  2 ogres
  A centaur (D:6)
  2 bullfrogs (D:6)
  A necrophage (D:5)
  Blork the orc (D:4)
  4 scorpions
  A killer bee (D:7)
  2 vampire bats (D:3)
  A jelly (D:6)
  5 hounds
  2 gnoll boudas
  3 iguanas
  2 orc wizards (D:6)
  Robin (D:3)
  25 gnolls
  10 adders
  A shadow imp (D:5)
  A white imp (D:5)
  2 ufetubi
  4 worms
  5 dart slugs
  13 orcs
  7 ball pythons
  2 bat skeletons (D:3)
  3 bat zombies (D:3)
  3 endoplasms
  10 goblins
  9 hobgoblins
  7 jackals
  4 quokkas
  5 bats
  A frilled lizard (D:1)
  11 kobolds
  4 rats
161 creatures vanquished.

Vanquished Creatures (others)
  7 plants (D:1)
7 creatures vanquished.

Grand Total: 168 creatures vanquished

Notes
Turn   | Place    | Note
-------+----------+-------------------------------------------
     0 | D:1      | BuddhaDhamma the Minotaur Berserker began the quest for the
                  | Orb.
     0 | D:1      | Reached XP level 1. HP: 19/19 MP: 0/0
    50 | D:1      | Reached skill level 4 in Axes
   200 | D:1      | Reached XP level 2. HP: 26/26 MP: 1/1
   266 | D:1      | Reached skill level 5 in Axes
   350 | D:1      | Reached XP level 3. HP: 30/31 MP: 2/2
   458 | D:1      | Found a faded altar of an unknown god.
   468 | D:1      | Reached ** piety under Trog
   872 | D:2      | Reached skill level 6 in Axes
   872 | D:2      | Reached XP level 4. HP: 21/39 MP: 3/3
  1695 | D:2      | Found a sacrificial altar of Ru.
  1753 | D:2      | Reached XP level 5. HP: 23/45 MP: 4/4
  1756 | D:2      | Reached skill level 7 in Axes
  2892 | D:3      | Reached skill level 8 in Axes
  2899 | D:3      | Reached XP level 6. HP: 51/51 MP: 5/5
  2989 | D:3      | Noticed Robin
  3000 | D:3      | Killed Robin
  3000 | D:3      | Reached *** piety under Trog
  3030 | D:3      | Found an ancient bone altar of Kikubaaqudgha.
  3051 | D:3      | Reached skill level 9 in Axes
  3294 | D:4      | Noticed Blork the orc
  3315 | D:4      | Killed Blork the orc
  3478 | D:4      | Reached XP level 7. HP: 33/57 MP: 6/6
  3742 | D:4      | Found a sparkling altar of Nemelex Xobeh.
  3742 | D:4      | Found a shimmering altar of Xom.
  3914 | D:4      | Reached skill level 10 in Axes
  4943 | D:4      | Identified a scroll of acquirement
  4943 | D:4      | Acquired the +2 pair of gloves of Fashionability {rC+}
  5061 | D:5      | Entered Level 5 of the Dungeon
  5262 | D:5      | Reached skill level 11 in Axes
  5629 | D:5      | Noticed Grinder
  5631 | D:5      | Paralysed by Grinder for 5 turns
  5641 | D:5      | Killed Grinder
  5642 | D:5      | Reached skill level 12 in Axes
  5642 | D:5      | Reached XP level 8. HP: 64/64 MP: 7/7
  6045 | D:6      | Reached skill level 13 in Axes
  6335 | D:6      | Noticed Menkaure
  6348 | D:6      | Killed Menkaure
  6704 | D:6      | Noticed Maggie
  6726 | D:6      | Killed Maggie
  6727 | D:6      | Reached skill level 14 in Axes
  6727 | D:6      | Reached XP level 9. HP: 70/70 MP: 8/8
  6972 | D:6      | Reached skill level 15 in Axes
  6973 | D:6      | Found a staircase to the Ecumenical Temple.
  7021 | D:6      | Reached **** piety under Trog
  7362 | D:7      | Mangled by an ogre

Illustrated notes

Levels and vault maps discovered:
D:1:      scummos_arrival_forest, layout_basic,
          shapermc_ecumenical_altar_mp_urbaneastern, nicolae_grassy_gnolls
D:2:      layout_rooms, basic_altar
D:3:      layout_basic, kennysheep_vampire_church, uniq_robin
D:4:      minmay_chambers_of_twos, layout_loops_corners,
          gammafunk_temple_overflow_wave, nicolae_underground_beach,
          uniq_blork_the_orc
D:5:      layout_loops_cross, kennysheep_generic_room_2, uniq_grinder
D:6:      layout_basic, minmay_temple_entry_sparse_star, uniq_maggie,
          uniq_menkaure
D:7:      layout_cave_pools

Skill      XL: |  1  2  3  4  5  6  7  8  9 |
---------------+----------------------------+-----
Axes           | 4 5 6 8 9 12 14 15 | 15.1
Fighting       | |  3.6
Armour         | |  2.4
Dodging        | |  2.1

Action                   |  1- 3 |  4- 6 |  7- 9 || total
-------------------------+-------+-------+-------++-------
Melee: Hand axe          |    54 |   172 |   234 ||   460
       Headbutt          |     8 |    30 |    48 ||    86
Throw: Dart              |       |     4 |    17 ||    21
Invok: Berserk           |     1 |     3 |     6 ||    10
  Use: Scroll            |       |       |    21 ||    21
       Potion            |       |       |     1 ||     1
Armor: Animal skin       |     1 |       |       ||     1
       Leather armour    |     9 |    13 |       ||    22
       Chain mail        |       |    51 |   128 ||   179
Dodge: Dodged            |    35 |    49 |    74 ||   158
Block: Kite shield       |    22 |    57 |    65 ||   144
